[Event "Late-Titled-Tuesday-Blitz-April-30-2024"]
[Site "Chess.com"]
[Date "2024.04.30"]
[Round "7"]
[White "Jospem"]
[Black "GMKrikor"]
[Result "0-1"]
[WhiteElo "3109"]
[BlackElo "2900"]
[TimeControl "180+1"]
[EndTime "15:19:30 PDT"]
[Termination "GMKrikor won on time"]

1. e4 c5 2. Nf3 Nc6 3. c3 Nf6 4. Bd3 e5 5. Bc2 d5 6. exd5 Qxd5 7. Qe2 Bg4 8. Bb3 Qd6 9. d3 Be7 10. Nbd2 Rd8 11. Bc2 Qc7 12. h3 Bh5 13. O-O O-O 14. Re1 Rfe8 15. Ne4 Nxe4 16. dxe4 f6 17. Bb3+ Bf7 18.
Be3 Na5 19. Bxf7+ Kxf7 20. b4 cxb4 21. cxb4 Bxb4 22. Rec1 Qe7 23. Bxa7 Nc6 24. Bb6 Rc8 25. a3 Bd6 26. Rd1 Qe6 27. a4 Kg8 28. Rab1 Bf8 29. Qb5 Re7 30. Be3 Rf7 31. Rd2 Rcc7 32. Rbd1 Rcd7 33. Rd5 Rc7 34. Bb6 Rc8 35. a5 Ra8 36. Nh4 g6 37. Nf3 Kg7 38. Kh2 Bb4 39. Ra1 Bf8 40. Rb1 Ne7 41. Rd7 Nc8 42. Rxf7+ Qxf7 43. Be3 Nd6 44. Qa4 Qc7 45. Bb6 Qc6 46. Qxc6 bxc6 47. Nd2 Nc8 48. Nc4 Kf7 49. Be3 Nd6 50. Nxd6+ Bxd6 51. Rb7+ Ke6 52. Bb6 h5 53. Kg1 c5 54. Kf1 c4 55. Ke2 Bb4 56. Rc7 Bxa5 57. Rc6+ Kf7 58. Rc7+ Ke6 59. Rc6+ Kf7 60. Be3 Bd8 61. Rxc4 Be7 62.
g4 hxg4 63. hxg4 Ke6 64. Rc6+ Kf7 65. Rb6 Rc8 66. Rb5 Ke6 67. Rb6+ Kf7 68. Ra6 Rc7 69. Ra5 Rd7 70. g5 fxg5 71. Rxe5 Bf6 72. Ra5 g4 73. Bf4 Re7 74. Ke3 Rb7 75. Bg3 Rb3+ 76. Kf4 Rb4 77.
Ra6 Be7 78. Rc6 g5+ 79. Kf5 Rb3 80. e5 Rb4 81. e6+ Ke8 0-1

[Event "Late-Titled-Tuesday-Blitz-April-30-2024"]
[Site "Chess.com"]
[Date "2024.04.30"]
[Round "7"]
[White "GalaxyRoman"]
[Black "Krlence"]
[Result "1-0"]
[WhiteElo "2750"]
[BlackElo "2509"]
[TimeControl "180+1"]
[EndTime "15:19:31 PDT"]
[Termination "GalaxyRoman won by resignation"]

1. e4 d5 2. exd5 Qxd5 3. Nc3 Qd6 4. Nf3 c6 5. Bc4 Nf6 6. O-O Bg4 7. h3 Bh5 8. Re1 e6 9. d3 Nbd7 10. Qe2 Be7 11. Bb3 Nb6 12. Bg5 h6 13. Bxf6 Bxf6 14. Ne4 Qe7 15. Nxf6+ Qxf6 16. Qe5 Bxf3 17. Qxf6 gxf6 18.
gxf3 f5 19. f4 a5 20. a3 Ke7 21. Kg2 Nd7 22. Kf3 Rhg8 23. Rg1 a4 24. Ba2 Nf6 25. Rae1 Rxg1 26. Rxg1 Ra5 27. Bc4 Rc5 28. c3 Ra5 29. Ke3 Ra8 30. Kd4 b6 31. Ba2 Nh5 32. Ke3 Rd8 33. Bb1 Nf6 34. Bc2 b5 35. Kf3 Nd7 36. Rg7 Kf6 37. Rg1 Nc5 38. Re1 Nd7 39. Rg1 Nc5 40. Re1 Rd7 41. d4 Nb7 42. Re5 Rd5 43. Re1 Rd8 44. Rg1 Nd6 45. Bd3 Rc8 46.
Ke3 Rb8 47. Ke2 Rf8 48. Ke3 Nb7 49. Kf3 Re8 50. Re1 Rd8 51. Bb1 Nd6 52. Ba2 Ne4 53. Bb1 Nd2+ 54. Ke2 Nc4 55. Ba2 Nd6 56. Kf3 Rg8 57.
Bb1 Nc4 58. Bd3 Nd6 59. Re5 Rg1 60. Rc5 Rh1 61. Rxc6 Ne8 62. Bxb5 Rb1 63. Bxa4 Rxb2 64. Ra6 Nc7 65. Ra7 Nd5 66. Be8 Kg7 67. Bxf7 Kf6 68.
Bh5 Ne7 69. c4 Rb3+ 70. Kg2 Rd3 71. c5 Rxd4 72. c6 Rxf4 73. a4 Rc4 74. c7 Nd5 75.
Bf3 Rxc7 76. Rxc7 Nxc7 77. a5 e5 78. Bb7 e4 79. a6 Kg5 80. a7 f4 81. Bxe4 Kh4 82.
a8=Q Nxa8 83. Bxa8 h5 84. Bf3 Kg5 85. Bxh5 Kh4 86. Kf3 Kxh5 87. Kxf4 Kh4 88. Ke5 Kxh3 89. f4 1-0

[Event "Late-Titled-Tuesday-Blitz-April-30-2024"]
[Site "Chess.com"]
[Date "2024.04.30"]
[Round "7"]
[White "alexrustemov"]
[Black "Legendinunknown"]
[Result "0-1"]
[WhiteElo "2885"]
[BlackElo "2816"]
[TimeControl "180+1"]
[EndTime "15:19:42 PDT"]
[Termination "Legendinunknown won on time"]

1. d4 Nf6 2. c4 e6 3. Nf3 Bb4+ 4. Bd2 c5 5. Bxb4 cxb4 6. g3 O-O 7. Bg2 a5 8. O-O b6 9. Qd3 Bb7 10. Nbd2 d6 11.
e4 Nbd7 12. a3 bxa3 13. bxa3 e5 14. Rab1 Ba6 15. Qb3 Qc7 16. Rfc1 Rfc8 17. h3 Rab8 18. Kh2 h6 19. Qe3 Bb7 20. Ne1 Ba6 21. Nd3 Nf8 22. d5 N6d7 23. Rb2 Nc5 24. Nxc5 Qxc5 25. Qxc5 Rxc5 26.
Rcb1 Nd7 27. Bf1 Rcc8 28. f3 Kf8 29. Kg2 Ke7 30. Kf2 Kd8 31. Ke3 Kc7 32. Bd3 Nc5 33. Bc2 Rf8 34. f4 exf4+ 35. gxf4 Bc8 36. h4 Re8 37.
Kd4 f6 38. Rg1 Re7 39. Rg3 Bd7 40. Rb1 Rf8 41. Rbg1 Rff7 42. Bd1 g5 43. hxg5 hxg5 44.
fxg5 fxg5 45. Rxg5 Rf4 46. Re1 Rf2 47. Re2 Rf4 48.
Re3 Rh4 49. Bf3 Ba4 50. Re1 Rh2 51. Re2 Rh4 52. Reg2 Nd7 53. Rg7 Rxg7 54. Rxg7 Kb8 55. Rg6 Kc7 56. Rg7 Kb8 57. Bg4 Ne5 58. Be2 Rh3 59.
Re7 Rxa3 60. Re6 Kc7 61. Re7+ Bd7 62. Rh7 a4 63. Rh1 Rg3 64. Ra1 a3 65. Ra2 Bg4 66. Bf1 Bh3 67. Be2 Kb7 68. Ra1 Bg4 69. Bf1 Bd7 70. Be2 Ba4 71. Bf1 Bc2 72. Be2 Bd3 73.
Bd1 Bf1 74. Bc2 Bg2 75. Nb3 Nf3+ 76. Kc3 Ne1+ 77. Kd2 Nxc2 78. Kxc2 Bxe4+ 79. Kd2 Rxb3 80. Re1 Bd3 81. Re7+ Ka6 82. Re8 Bxc4 83. Ra8+ Kb5 84. Rd8 a2 85. Ra8 Rb1 86. Kc3 a1=Q+ 0-1

[Event "Late-Titled-Tuesday-Blitz-April-30-2024"]
[Site "Chess.com"]
[Date "2024.04.30"]
[Round "7"]
[White "Kombinator01"]
[Black "nabukatnezarr"]
[Result "0-1"]
[WhiteElo "2392"]
[BlackElo "2587"]
[TimeControl "180+1"]
[EndTime "15:19:42 PDT"]
[Termination "nabukatnezarr won on time"]

1. e4 e5 2. Nc3 Nf6 3. f4 d5 4. fxe5 Nxe4 5. Qf3 Nxc3 6. bxc3 Nc6 7. d4 Be6 8. Qg3 Qd7 9. Nf3 h6 10. Rb1 O-O-O 11. Bb5 a6 12. Bd3 Na5 13. O-O g5 14. Qf2 Qa4 15. Be3 Nc4 16. Nd2 Nxd2 17. Bxd2 Be7 18. Rb2 b5 19. Bf5 Kd7 20. Be3 Rdg8 21. Qf3 c6 22. Qe2 h5 23. Rbb1 g4 24. Bxe6+ fxe6 25.
Rf7 Rf8 26. Rbf1 Rxf7 27. Rxf7 Rf8 28. Rxf8 Bxf8 29. Qf2 Be7 30. h3 Qxa2 31. hxg4 hxg4 32. Kh2 Qb1 33. Qf7 g3+ 34. Kxg3 Qxc2 35. Bg5 Qxc3+ 36.
Kh2 Qb4 37. g4 a5 38. Kh3 a4 39. Bxe7 Qxe7 40. Qg8 a3 41. Qa8 Qb4 42. Qb7+ Kd8 43. Qb8+ Ke7 44. Qc7+ Ke8 45. Qc8+ Kf7 46. Qd7+ Qe7 47.
Qxc6 b4 48. Qa4 Qb7 49. Qb3 Qb5 50. Qf3+ Ke8 51. Qf6 Qd3+ 52. Kh4 Qh7+ 53. Kg3 Qf7 54. Qh8+ Kd7 55. Qb8 Qe7 56. Qb5+ Kd8 57. Qb8+ Kd7 58. Qb5+ Kc8 59. Qc6+ Kb8 60. Qb6+ Qb7 61. Qd6+ Ka7 62. Qc5+ Qb6 63. Qe7+ Ka6 64. g5 a2 65. Qe8 b3 66. Qa4+ Kb7 67. Qd7+ Kb8 68. Qe8+ Kc7 69. Qe7+ Kc8 70. Qe8+ Kb7 71. Qd7+ Kb8 72. Qe8+ Ka7 73. Qd7+ Qb7 74. Qa4+ Kb8 75. Qe8+ Kc7 76. Qe7+ Kb6 77.
Qb4+ Ka6 78. Qa4+ Kb6 79. Qb4+ Kc6 80. Qc5+ Kd7 81. Qd6+ Kc8 82. Qf8+ Kd7 83. Qf7+ Kc6 84. Qxe6+ Kb5 85. Qe8+ Kb4 86. Qf8+ Kc4 87. Qc5+ Kd3 88. Qa3 Kc2 89. Qc5+ Kb1 0-1

[Event "Late-Titled-Tuesday-Blitz-April-30-2024"]
[Site "Chess.com"]
[Date "2024.04.30"]
[Round "7"]
[White "rasmussvane"]
[Black "AlexeiShirov"]
[Result "1/2-1/2"]
[WhiteElo "2948"]
[BlackElo "2824"]
[TimeControl "180+1"]
[EndTime "15:19:45 PDT"]
[Termination "Game drawn by 50-move rule"]

1. Nf3 d5 2. g3 Nf6 3. Bg2 Bg4 4. O-O Nbd7 5. h3 Bh5 6. d4 e6 7. c4 c6 8. cxd5 exd5 9. Ne5 Nxe5 10. dxe5 Ne4 11.
Bxe4 dxe4 12. Nc3 Qxd1 13. Rxd1 Bb4 14. Nxe4 Bxe2 15. Rd4 Be7 16. Bg5 h6 17. Bxe7 Kxe7 18. Re1 Bf3 19. Nd6 Bd5 20. a3 g6 21. f4 b6 22. b4 Rhd8 23. f5 gxf5 24. Nxf5+ Ke6 25. Rf4 a5 26. Re2 axb4 27. axb4 Ra1+ 28. Kf2 Rh1 29. Nxh6 Rxh3 30. Nxf7 Rg8 31. g4 Rh2+ 32. Ke3 Rxe2+ 33. Kxe2 Rg6 34. Ke3 c5 35. bxc5 bxc5 36. Kd3 Ke7 37. Nd6 Ke6 38. Ne8 Kxe5 39. Rf5+ Ke6 40. Nc7+ Kd6 41. Nxd5 Rxg4 42. Nc3 Rg3+ 43. Kc4 Rg4+ 44. Kd3 Rg3+ 45. Kc2 Rg2+ 46. Kb3 Rg3 47. Rh5 Rf3 48.
Rh6+ Ke5 49. Kc4 Rf4+ 50. Kxc5 Rf8 51. Rh5+ Ke6 52. Nd5 Rc8+ 53. Kd4 Rc1 54. Rh6+ Kd7 55. Nf6+ Kd6 56. Ne4+ Kd7 57. Ke5 Re1 58. Rg6 Ke7 59.
Rg7+ Kd8 60. Kd5 Rd1+ 61. Ke6 Re1 62. Ke5 Kc8 63. Kd5 Rd1+ 64. Kc6 Rc1+ 65. Nc5 Kd8 66. Rd7+ Ke8 67. Ra7 Kf8 68. Kd6 Rd1+ 69. Ke5 Re1+ 70.
Ne4 Ke8 71. Kf5 Kf8 72. Ng5 Rf1+ 73. Kg6 Ke8 74. Nh7 Rg1+ 75. Kf5 Rf1+ 76. Kg6 Rg1+ 77. Ng5 Kd8 78. Kf6 Kc8 79. Ne6 Rf1+ 80. Ke7 Re1 81.
Kd6 Rd1+ 82. Kc6 Rc1+ 83. Nc5 Kd8 84. Rd7+ Ke8 85. Rh7 Rd1 86. Ne4 Re1 87. Kd5 Rd1+ 88. Ke6 Kd8 89. Nd6 Re1+ 90. Kd5 Rd1+ 91. Kc6 Rc1+ 92. Kb6 Rb1+ 93. Kc5 Rc1+ 94. Nc4 Kc8 95. Rh2 Kd8 96. Re2 Kd7 97. Kd5 Kc7 98. Re7+ Kd8 99. Rg7 Rd1+ 100. Ke6 1/2-1/2

[Event "Late-Titled-Tuesday-Blitz-April-30-2024"]
[Site "Chess.com"]
[Date "2024.04.30"]
[Round "7"]
[White "ExchangeAB"]
[Black "slidingknight2775"]
[Result "0-1"]
[WhiteElo "2458"]
[BlackElo "2631"]
[TimeControl "180+1"]
[EndTime "15:19:48 PDT"]
[Termination "slidingknight2775 won on time"]

1. d4 Nf6 2. Nf3 c5 3. e3 g6 4.
c3 Bg7 5. Nbd2 Qc7 6. Be2 O-O 7.
O-O d5 8. b3 Nbd7 9. Bb2 e5 10.
dxe5 Nxe5 11. Nxe5 Qxe5 12. Qc1 Qe7 13. Nf3 Rd8 14. Rd1 Bf5 15. h3 Rac8 16. Bf1 Be4 17. Ng5 Bf5 18. Nf3 Bh6 19. Bd3 Ne4 20. Qc2 c4 21.
bxc4 dxc4 22. Bxe4 Bxe4 23. Qa4 Bxf3 24. gxf3 Bxe3 25. Rxd8+ Rxd8 26. Re1 Qg5+ 27. Kf1 Bb6 28. Re8+ Rxe8 29. Qxe8+ Kg7 30. Qe4 Qc5 31. Qe2 Qd5 32. Bc1 h5 33. Bf4 Qf5 34. Be5+ f6 35. Bg3 Qxh3+ 36. Ke1 Qd7 37. Qxc4 Qf7 38. Qe4 Bc5 39. Kd1 Qd7+ 40. Kc1 Ba3+ 41. Kc2 Qf5 42. Kd3 Qxe4+ 43.
fxe4 Kf7 44. f4 Ke6 45. c4 Bd6 46. Ke2 Be7 47. Kf3 f5 48. Bf2 fxe4+ 49. Kxe4 a6 50. Bg1 Bd6 51. Bf2 Bc7 52. Be1 Bd6 53. Bf2 Bb4 54. Bg3 Bc5 55. Be1 b6 56. Bh4 a5 57.
a4 Kf7 58. Be1 Kf6 59. Bh4+ Ke6 60. Be1 Bg1 61. Bh4 Kd6 62. Kd3 Kc5 63. Be7+ Kc6 64. Ke4 Bc5 65. Bf6 Bd6 66. Bd4 Bc7 67. Bf2 Bd8 68.
Be3 h4 69. Bg1 h3 70. Ke5 Bc7+ 71. Ke4 Kd7 72. Bh2 Bb8 73. Bg1 Kc6 74. Kf3 Bd6 75. Kg4 Bc7 76. Bh2 Kc5 77. Kxh3 Kxc4 78. Kg4 Kb3 79.
Kg5 Kxa4 80. Kxg6 Kb3 81. Kg5 a4 82. Bg1 Bxf4+ 83. Kxf4 a3 84. Bd4 Kc4 85. Ba1 Kb3 86. Ke3 Ka2 87. Bc3 b5 88. Kd3 Kb3 89. Ba1 b4 90. Kd2 Ka2 91. Bd4 b3 92. Kc1 b2+ 93. Bxb2 axb2+ 94. Kc2 b1=Q+ 0-1

[Event "Late-Titled-Tuesday-Blitz-April-30-2024"]
[Site "Chess.com"]
[Date "2024.04.30"]
[Round "7"]
[White "rhungaski"]
[Black "SergioMoralesG"]
[Result "1-0"]
[WhiteElo "2563"]
[BlackElo "2453"]
[TimeControl "180+1"]
[EndTime "15:19:48 PDT"]
[Termination "rhungaski won on time"]

1. e4 c5 2. Nf3 e6 3. d4 cxd4 4. Nxd4 Nc6 5. Nb5 d6 6. c4 a6 7. N5c3 Nf6 8. Be2 Be7 9. O-O O-O 10. Bf4 b6 11. Re1 Bb7 12. Bf1 Qc7 13. h3 Ne5 14. Nd2 Rac8 15. Rc1 Qb8 16. a3 Rfd8 17. b4 Ng6 18.
Bh2 Qa8 19. Qe2 d5 20. e5 Nd7 21. cxd5 Bxd5 22. Nxd5 Qxd5 23. Nf3 b5 24. Red1 Rxc1 25. Rxc1 Nb6 26. Rc7 Nc4 27. a4 Bxb4 28. axb5 axb5 29.
h4 h6 30. h5 Ne7 31. Nh4 Nc6 32. Qf3 Qxf3 33. Nxf3 Nd4 34. Bxc4 Nxf3+ 35. gxf3 bxc4 36. Rxc4 Be7 37. Kg2 Kh7 38. Bg3 g6 39. hxg6+ Kxg6 40. Rc7 Bf8 41. Rb7 Bg7 42. Kh3 Rd5 43. f4 h5 44. Kh4 Rd4 45. Kh3 Bh6 46. f5+ exf5 47. Rb6+ Kh7 48. Rb7 Kg8 49. Rb8+ Kg7 50. Bh4 Kg6 51.
Rg8+ Kh7 52. Re8 Bg7 53. Re7 Kg6 54. Re8 Re4 55. Bg3 f4 56. Bh2 Rxe5 57. Rg8 Kh7 58. Rc8 Rf5 59. f3 Kg6 60. Rc6+ Bf6 61. Bg1 Kg5 62. Bf2 Rd5 63. Bh4+ Kf5 64. Rxf6+ Ke5 65. Rxf7 Rd3 66. Kg2 Rd2+ 67. Bf2 h4 68. Rh7 Kf5 69.
Rh5+ Kg6 70. Rxh4 Kg5 71. Rg4+ Kf5 72. Rg8 Rc2 73. Rf8+ Ke5 74. Ra8 Rb2 75. Ra5+ Ke6 76. Ra4 Kf5 77. Re4 Rc2 78. Kf1 Rc1+ 79. Re1 Rc2 80. Re2 Rc1+ 81. Kg2 Rc3 82. Bd4 Rb3 83. Re5+ Kg6 84. Re4 Kf5 85. Re5+ Kg6 86. Ra5 Rd3 87.
Be5 Kf5 88. Bc7+ Ke6 89. Bxf4 Rb3 90. Kg3 Rb4 91. Kg4 Rb1 92. Ra6+ Kf7 93. Kf5 Rg1 94. Be5 Rd1 95. Ra7+ Ke8 96. Ke6 Rd8 97. Rh7 1-0

[Event "Late-Titled-Tuesday-Blitz-April-30-2024"]
[Site "Chess.com"]
[Date "2024.04.30"]
[Round "7"]
[White "1g60-1"]
[Black "scandalgod"]
[Result "0-1"]
[WhiteElo "2429"]
[BlackElo "2499"]
[TimeControl "180+1"]
[EndTime "15:19:56 PDT"]
[Termination "scandalgod won by resignation"]

1. e4 e5 2. Nf3 Nc6 3. Bb5 a6 4. Ba4 d6 5. c3 f5 6. exf5 Bxf5 7. d3 Be7 8. a3 Nf6 9. Bb3 d5 10.
Qe2 Qd6 11. Nbd2 O-O-O 12. Bc2 Rhe8 13. O-O Nh5 14. g3 Bh3 15. Re1 Qg6 16. Nf1 Bf6 17.
b4 Bg4 18. Ne3 Nf4 19. Qd1 Nh3+ 20. Kg2 e4 21. Nxg4 Qxg4 22. Ng1 Qxd1 23. Rxd1 Nxg1 24. Kxg1 Bxc3 25. Rb1 exd3 26. Bxd3 Ne5 27. Bf1 d4 28.
Bf4 Ng6 29. Bg5 Rd6 30. Bc1 Ne5 31. h4 d3 32. Bf4 d2 33. Kg2 h6 34. Rb3 Bd4 35.
Rxd2 g5 36. hxg5 hxg5 37. Bxg5 Nc6 38. Bf4 Rd7 39. Rbd3 Red8 40. Bg5 Kb8 41. Bxd8 Rxd8 42. Kg1 Rf8 43. Rxd4 Nxd4 44. Rxd4 Ka7 45. Bg2 Kb6 46.
Rd7 c6 47. Rd3 a5 48. bxa5+ Kxa5 49. Rf3 Rg8 50. Kh2 c5 51. Kh3 c4 52. g4 b5 53.
Rf5 Ka4 54. Rc5 Rf8 55. Kg3 Rb8 56. Bc6 Kxa3 57. Rxb5 c3 58. Rxb8 c2 59. Ra8+ Kb2 60. Rb8+ Ka3 61. Ra8+ Kb2 62. Rc8 c1=Q 63. Bf3 Qd2 64.
Rb8+ Kc3 65. Re8 Kb4 66. Re3 Qd6+ 67. Kg2 Kc5 68. Re4 Qd2 69. Kg3 Kd6 70. Kg2 Kc5 71. Re6 Qd4 72. Re4 Qd6 73. g5 Qg6 74. Rg4 Kd6 75. Kg3 Ke5 76. Bg2 Qg7 77. f4+ Kf5 78. Bh3 Qc3+ 79. Kh4 Qh8+ 80. Kg3 Qc3+ 81. Kh2 Ke4 82. Rg3 Qd2+ 83. Bg2+ Kxf4 84. Rh3 Kxg5 85. Rg3+ Kf4 86. Rf3+ Kg4 87. Rg3+ Kf4 88. Rf3+ Ke5 89. Rg3 Qh6+ 90. Rh3 Qf4+ 91. Rg3 Kf5 92. Bh3+ Ke5 93.
Bg2 Kd4 94. Kh3 Qf5+ 95. Kh2 Qh5+ 96. Rh3 Qe5+ 97. Rg3 Qf4 98. Kh3 Qh6+ 99. Kg4 Ke5 100. Kf3 Qf4+ 0-1

[Event "Late-Titled-Tuesday-Blitz-April-30-2024"]
[Site "Chess.com"]
[Date "2024.04.30"]
[Round "7"]
[White "MyDream003"]
[Black "Dhaydon19"]
[Result "1-0"]
[WhiteElo "2837"]
[BlackElo "2617"]
[TimeControl "180+1"]
[EndTime "15:20:07 PDT"]
[Termination "MyDream003 won by checkmate"]

1. e4 c6 2. d4 d5 3. e5 c5 4. dxc5 Nc6 5. Nf3 Bg4 6. c3 e6 7. Be3 Bxf3 8. Qxf3 Nxe5 9. Qd1 Qc7 10. b4 Nc6 11.
Qa4 Nf6 12. Be2 Be7 13. O-O O-O 14. Nd2 a5 15. b5 Ne5 16. Nb3 Ned7 17. b6 Qc8 18. c6 bxc6 19. Nxa5 Nc5 20. Bxc5 Bxc5 21. b7 Qxb7 22. Nxb7 Bxf2+ 23. Rxf2 Rxa4 24. Nc5 Ra3 25. c4 Rb8 26. cxd5 cxd5 27. Bd1 h5 28. h3 h4 29. Bb3 Rb5 30. Rc1 Kh7 31. Rf4 Kg6 32. Rxh4 e5 33. Ra4 Rxa4 34. Bxa4 Rb2 35. Bb3 e4 36. a4 d4 37. a5 d3 38. a6 d2 39. Rd1 e3 40. Kf1 Nh5 41. a7 Ng3+ 42.
Kg1 e2 43. Kf2 e1=Q+ 44. Rxe1 dxe1=Q+ 45. Kxe1 Re2+ 46. Kd1 Re8 47. Bd5 Nf5 48. a8=Q Rxa8 49. Bxa8 Ne3+ 50. Ke2 Nc4 51. Be4+ f5 52. Bf3 Ne5 53. Nd3 Nd7 54. Kf2 Kf6 55. Nf4 g5 56.
Nd3 Nf8 57. Bd1 Ng6 58. Bc2 g4 59. hxg4 fxg4 60. Kg3 Kg5 61. Bd1 Ne7 62. Bxg4 Nd5 63. Bf3 Ne3 64. Kf2 Nxg2 65. Kxg2 Kf5 66. Kg3 Ke6 67. Kf4 Kf6 68. Bd5 Ke7 69. Ke5 Kd7 70. Nf2 Kc7 71. Nd3 Kb6 72. Bb3 Kb5 73. Kd5 Kb6 74.
Ba4 Kc7 75. Bb5 Kb6 76. Bc6 Kc7 77. Kc5 Kd8 78. Kd6 Kc8 79. Ne5 Kb8 80. Nd3 Ka7 81. Nb4 Kb6 82. Nd5+ Ka5 83. Kc5 Ka6 84. Kb4 Ka7 85.
Kb5 Kb8 86. Kb6 Kc8 87. Kc5 Kd8 88. Kd6 Kc8 89. Ne7+ Kb8 90. Nd5 Ka7 91. Kc5 Ka6 92. Ne3 Ka5 93. Nc4+ Ka6 94. Kd6 Ka7 95. Bb5 Kb7 96. Kd7 Ka7 97. Kc7 Ka8 98. Ba6 Ka7 99. Bc8 Ka8 100. Ne5 Ka7 101. Nc6+ Ka8 102. Bb7# 1-0

[Event "Late-Titled-Tuesday-Blitz-April-30-2024"]
[Site "Chess.com"]
[Date "2024.04.30"]
[Round "7"]
[White "SaqoChess_Twitch"]
[Black "OparinGrigoriy"]
[Result "0-1"]
[WhiteElo "2680"]
[BlackElo "2975"]
[TimeControl "180+1"]
[EndTime "15:20:29 PDT"]
[Termination "OparinGrigoriy won by resignation"]

1. d4 d6 2. Nf3 Nf6 3. c4 g6 4.
Nc3 Bg7 5. h3 O-O 6. Bf4 Nc6 7.
e3 Nd7 8. Qc2 e5 9. dxe5 Ncxe5 10. Nxe5 Nxe5 11. Be2 Re8 12. Rd1 b6 13. O-O Bb7 14.
Nd5 Qd7 15. Bxe5 Rxe5 16. Bf3 Rae8 17. b4 h5 18. b5 Bxd5 19. Rxd5 h4 20. Rxe5 Rxe5 21.
Rd1 Qc8 22. Rd5 a5 23. Rxe5 Bxe5 24. Bd5 Kg7 25. a4 Qd8 26. Qe4 f5 27. Qd3 Qe7 28.
f4 Ba1 29. Kf2 Qf6 30. Qd2 Bc3 31. Qc2 Bb4 32. Qc1 Kh7 33. Bf3 Bc3 34. Qd1 Qe7 35.
Qd5 Bb2 36. e4 fxe4 37. Bxe4 Kh6 38. Kf3 Bf6 39. Qg8 Bg7 40. Qc8 Qf6 41. Qe8 Qc3+ 42. Ke2 Qb2+ 43. Kf3 Qb3+ 44. Ke2 Qb2+ 45. Kf3 Qc3+ 46. Ke2 Qf6 47. Bd3 Qb2+ 48. Kf3 Qf6 49. Qe4 Kh5 50. g4+ hxg3 51. Kxg3 Kh6 52. Kg2 Bf8 53. Qe3 Kg7 54. Qe4 Be7 55. h4 Kh6 56.
Kf3 Kg7 57. Ke2 Kf7 58. h5 gxh5 59. Qh7+ Ke6 60. f5+ Ke5 61. Qxh5 Kd4 62. Qf3 Qe5+ 63. Kd2 Bg5+ 64. Kc2 Kc5 65. Kb3 d5 66. cxd5 Bf6 67. Qf2+ Kd6 68. Qc2 Qxd5+ 69. Bc4 Qd4 70. Qd3 Kc5 71.
Qxd4+ Kxd4 72. Be6 Kc5 73. Bd7 Kd6 74. Bc8 c5 75.
Kc4 Be5 76. Be6 Bf6 77. Bd5 Bh8 78. Bg8 Ke5 79. Be6 Bf6 80. Kd3 Kf4 81. Kc4 Ke4 82. Bd7 Ke5 83. Bc8 Bg5 84. Kd3 Kd5 85. Be6+ Ke5 86.
Kc4 Bd8 87. Bd7 Be7 88. Bc8 Bg5 89. Be6 Ke4 90. Bd7 Bf6 91. Be6 Ke5 92. Bc8 Kd6 93.
Be6 Be7 94. Bc8 Bd8 95. Be6 Bh4 96. Kd3 Ke5 97. Kc4 Bf2 98. Bc8 Bd4 99. Kd3 Kd5 100.
Be6+ Kd6 101. Ke4 Bf6 102. Bc4 Bg7 103. Kf4 Bf6 104. Bb3 Ke7 105. Ba2 Kd6 106. Ke4 Bg7 107. Kf4 Bf6 108. Kg4 Ke5 109. Be6 Kd4 110. Kf3 Kd3 111. Kf2 c4 112. Ke1 c3 113. Bb3 c2 114. Bxc2+ Kxc2 115. Ke2 Kc3 116. Kd1 Kb4 117. Kc2 Kxa4 118. Kd3 Kxb5 119. Ke4 Kc6 120. Kd3 b5 121. Kc2 Kc5 122. Kb3 a4+ 123. Kc2 Kc4 124. Kb1 b4 125. Ka2 Kb5 126. Kb1 b3 0-1

[Event "Late-Titled-Tuesday-Blitz-April-30-2024"]
[Site "Chess.com"]
[Date "2024.04.30"]
[Round "8"]
[White "AlainBruxelles"]
[Black "EDaMatta"]
[Result "1-0"]
[WhiteElo "2242"]
[BlackElo "2325"]
[TimeControl "180+1"]
[EndTime "15:22:08 PDT"]
[Termination "AlainBruxelles won by resignation"]

1. e4 c5 2. Nf3 d6 3. Nc3 Nf6 4.
e5 dxe5 5. Nxe5 Nbd7 6. Nc4 e6 7. a4 Be7 8. d3 O-O 9. Bf4 a6 10. Be2 Nd5 11. Bg3 Nxc3 12. bxc3 Nf6 13. Bf3 Rb8 14. Bxb8 1-0

[Event "Late-Titled-Tuesday-Blitz-April-30-2024"]
[Site "Chess.com"]
[Date "2024.04.30"]
[Round "8"]
[White "chessforthesun"]
[Black "maurovargas01"]
[Result "1-0"]
[WhiteElo "2602"]
[BlackElo "1948"]
[TimeControl "180+1"]
[EndTime "15:22:37 PDT"]
[Termination "chessforthesun won by resignation"]

1. e4 c5 2. Nf3 d6 3. d4 cxd4 4.
Nxd4 Nf6 5. Nc3 Nc6 6. Bg5 g6 7. Bxf6 exf6 8. Bc4 Bg7 9. O-O Ne5 10. Bb5+ Bd7 11.
Bxd7+ Qxd7 12. Ndb5 Bf8 13. Nd5 f5 14. Nf6+ 1-0

[Event "Late-Titled-Tuesday-Blitz-April-30-2024"]
[Site "Chess.com"]
[Date "2024.04.30"]
[Round "8"]
[White "ATM622"]
[Black "NowInChess"]
[Result "1-0"]
[WhiteElo "2502"]
[BlackElo "2254"]
[TimeControl "180+1"]
[EndTime "15:23:07 PDT"]
[Termination "ATM622 won by checkmate"]

1. d4 Nf6 2. c4 c5 3. d5 b5 4. cxb5 a6 5. e3 e6 6. Nc3 Bb7 7.
dxe6 fxe6 8. Nf3 d5 9. bxa6 Nxa6 10. Bb5+ Nd7 11. Ne5 Nb8 12. Qh5+ Ke7 13. Qf7+ Kd6 14. Bxd7 Nxd7 15. Nb5+ Kxe5 16. Qf4# 1-0

[Event "Late-Titled-Tuesday-Blitz-April-30-2024"]
[Site "Chess.com"]
[Date "2024.04.30"]
[Round "8"]
[White "Darkbluelord"]
[Black "MeisterJabo"]
[Result "0-1"]
[WhiteElo "2201"]
[BlackElo "2459"]
[TimeControl "180+1"]
[EndTime "15:23:58 PDT"]
[Termination "MeisterJabo won by resignation"]

1. e4 e5 2. Nf3 Nf6 3. Nxe5 d6 4. Nxf7 Kxf7 5. d4 c5 6. Bc4+ d5 7. exd5 Bd6 8. dxc5 Re8+ 9. Be3 Bxc5 10. d6+ Be6 11. Bxe6+ Rxe6 12. O-O Qxd6 13. Bxc5 Qxc5 14. Nc3 Nc6 15. Qf3 Rae8 16. h3 Kg8 17. Na4 Qb4 18.
b3 Ne4 19. Rfe1 Nd2 0-1

[Event "Late-Titled-Tuesday-Blitz-April-30-2024"]
[Site "Chess.com"]
[Date "2024.04.30"]
[Round "8"]
[White "GoltsevDmitry2000"]
[Black "CrushingKings"]
[Result "1-0"]
[WhiteElo "2818"]
[BlackElo "2618"]
[TimeControl "180+1"]
[EndTime "15:24:05 PDT"]
[Termination "GoltsevDmitry2000 won by resignation"]

1. e4 g6 2. h4 Bg7 3. h5 c5 4. d3 Nc6 5. h6 Bf6 6. Nc3 e6 7. Nf3 d5 8. exd5 exd5 9. Bf4 Nge7 10. Be2 O-O 11. O-O Nf5 12. Qd2 Re8 13. Rfe1 Nfd4 14. Nxd4 Nxd4 15. Bf1 Be6 16. Be5 Bxe5 17. Rxe5 Nf5 18.
Rae1 Qd7 19. Qg5 Qd8 20. Qf4 Qd7 21. g4 f6 22. Rxe6 Rxe6 23. Rxe6 Qxe6 24. gxf5 gxf5 25. Qg3+ 1-0

[Event "Late-Titled-Tuesday-Blitz-April-30-2024"]
[Site "Chess.com"]
[Date "2024.04.30"]
[Round "8"]
[White "rionelG"]
[Black "Caterpiller35"]
[Result "0-1"]
[WhiteElo "2279"]
[BlackElo "2485"]
[TimeControl "180+1"]
[EndTime "15:24:08 PDT"]
[Termination "Caterpiller35 won by resignation"]

1. e4 c5 2. g3 Nc6 3. Bg2 g6 4. Ne2 Bg7 5. c3 e6 6. d4 cxd4 7. cxd4 d5 8. exd5 exd5 9. Nbc3 Nge7 10. O-O O-O 11. Bg5 h6 12. Bxe7 Nxe7 13. Nf4 Qb6 14. Ncxd5 Nxd5 15. Bxd5 Qxd4 16. Qxd4 Bxd4 17. Nxg6 Rd8 18.
Nf4 Bxb2 19. Rab1 Be5 20. Bxb7 Bxb7 21. Rxb7 Bxf4 22. gxf4 Rd4 23. Rd1 Rxd1+ 0-1

[Event "Late-Titled-Tuesday-Blitz-April-30-2024"]
[Site "Chess.com"]
[Date "2024.04.30"]
[Round "8"]
[White "merinasian"]
[Black "Pig-filth"]
[Result "1-0"]
[WhiteElo "2602"]
[BlackElo "2314"]
[TimeControl "180+1"]
[EndTime "15:24:13 PDT"]
[Termination "merinasian won by checkmate"]

1. d4 Nc6 2. Nf3 d5 3. g3 Nf6 4. Bg2 Bg4 5. O-O Qd7 6. c4 e6 7. cxd5 exd5 8. Nc3 a6 9. Ne5 Nxe5 10. dxe5 Ne4 11. Nxd5 Nc5 12. b4 Ne6 13. a3 Rd8 14. Bg5 Nxg5 15. Qc2 Ne6 16. Rfd1 Qc6 17. Nf6+ gxf6 18.
Bxc6+ bxc6 19. Qxc6+ Ke7 20. Rxd8 Kxd8 21. Rd1+ Ke7 22.
Qd7# 1-0

[Event "Late-Titled-Tuesday-Blitz-April-30-2024"]
[Site "Chess.com"]
[Date "2024.04.30"]
[Round "8"]
[White "hammahamma"]
[Black "mortngabriel"]
[Result "0-1"]
[WhiteElo "2242"]
[BlackElo "2495"]
[TimeControl "180+1"]
[EndTime "15:24:23 PDT"]
[Termination "mortngabriel won by resignation"]

1. e4 c5 2. b3 Nc6 3. Bb2 Nf6 4. Nc3 g6 5. Nf3 Bg7 6. Bb5 Nxe4 7. Qe2 Nxc3 8.
Bxc3 Bxc3 9. dxc3 Qa5 10. O-O Qxc3 11. Rfe1 Qf6 12. Rad1 d6 13. Bxc6+ bxc6 14. Qa6 Bxa6 0-1

[Event "Late-Titled-Tuesday-Blitz-April-30-2024"]
[Site "Chess.com"]
[Date "2024.04.30"]
[Round "8"]
[White "kalxandria"]
[Black "vanyakuba"]
[Result "0-1"]
[WhiteElo "2230"]
[BlackElo "2407"]
[TimeControl "180+1"]
[EndTime "15:24:25 PDT"]
[Termination "vanyakuba won by resignation"]

1. e4 d5 2. exd5 Qxd5 3. Nc3 Qa5 4. d4 Nf6 5. Nf3 Bg4 6. Bc4 Nc6 7. h3 Bh5 8. g4 Bg6 9. Bd2 O-O-O 10. Nb5 Qb6 11. c3 a6 12. Na3 Qxb2 13. Qc1 Qxc1+ 14. Rxc1 Be4 15. Ke2 e5 16. Bxf7 Bxa3 0-1

[Event "Late-Titled-Tuesday-Blitz-April-30-2024"]
[Site "Chess.com"]
[Date "2024.04.30"]
[Round "8"]
[White "WPWPWP-2015"]
[Black "rhwr"]
[Result "1-0"]
[WhiteElo "2472"]
[BlackElo "2272"]
[TimeControl "180+1"]
[EndTime "15:24:26 PDT"]
[Termination "WPWPWP-2015 won by resignation"]

1. e4 c5 2. Nf3 d6 3. d4 cxd4 4.
Nxd4 Nf6 5. Nc3 e5 6. Nb3 Be6 7. Bg5 Be7 8. Bb5+ Nc6 9. O-O O-O 10. Re1 h6 11. Bh4 a6 12. Bf1 b5 13. a3 Rc8 14. h3 Bxb3 15. cxb3 Nd4 16. Bxf6 Bxf6 17.
Bd3 Bg5 18. Nd5 Rc6 19. b4 Qd7 20. Kh2 Rfc8 21. a4 Rc1 22. Qg4 Qxg4 23. hxg4 Rxe1 24. Rxe1 bxa4 25. Ra1 Bc1 26. Ne7+ 1-0